AoeStats
← [doGs] Charlie the Flamingo.

Black Forest

507978834Analyzed
3v3 RM · 11d ago on Sep 20, 2026· 96m 28s· 6 players
Game mode
Random Map
Map size
Normal (6 player)
Population
200
Speed
Normal
Resources
Standard
Victory
Conquest
Starting age
Dark Age
Ending age
Imperial Age
RankedLock teamsTeams togetherTeam positionsShared explorationLock speedFull tech treeHidden civsTurbo modeCheats
Victory
Defeat
🇳🇱 Turks · Netherlands
1065
+16
🇦🇷 Hindustanis · Argentina
1064
+16
1034
+17
🇨🇳 Romans · China
1181
-21
🇹🇷 Franks · Türkiye
1033
-15
🇨🇳 Jurchens · China
984
-13
Gurx
11:33 Feudal Age
16:19 Castle Age
14:46 Double-Bit Axe
16:38 Horse Collar
16:52 Gold Mining
20:15 Fervor
21:43 Fishing Lines
24:58 Wheelbarrow
24:09 Loom
24:10 Town Watch
28:28 Imperial Age
26:35 Padded Archer Armor
26:32 Fletching
27:21 Gold Shaft Mining
26:53 Heavy Plow
28:20 Leather Archer Armor
29:04 Ballistics
29:50 Ring Archer Armor
30:31 Chemistry
30:09 Bodkin Arrow
30:30 Shatagni
32:50 Bracer
33:08 Thumb Ring
36:06 Scale Barding Armor
36:02 Scale Mail Armor
38:59 Chain Mail Armor
41:47 Chain Barding Armor
41:38 Forging
46:30 Plate Barding Armor
46:31 Iron Casting
46:15 Hand Cart
46:00 Town Patrol
46:16 Caravan
46:47 Coinage
[doGs] Charlie the Flamingo.
0:34 Loom
15:19 Feudal Age
15:55 Double-Bit Axe
21:29 Castle Age
20:18 Horse Collar
20:32 Stone Mining
20:35 Fletching
20:38 Gold Mining
20:50 Town Watch
20:51 Fishing Lines
22:21 Bow Saw
23:07 Wheelbarrow
29:02 Heavy Plow
30:44 Gold Shaft Mining
30:55 Hand Cart
31:46 Gillnets
35:11 Imperial Age
33:06 Ballistics
32:42 Murder Holes
33:10 Kamandaran
33:28 Crossbowman
34:15 Thumb Ring
34:55 Masonry
34:43 Bodkin Arrow
34:59 Forging
34:54 Scale Barding Armor
34:50 Padded Archer Armor
36:29 Two-Man Saw
36:01 Crop Rotation
39:08 Stone Shaft Mining
39:10 Iron Casting
38:50 Leather Archer Armor
38:56 Chain Barding Armor
39:47 Chemistry
39:18 Architecture
38:56 Town Patrol
39:04 Caravan
41:49 Citadels
42:00 Conscription
42:17 Hoardings
42:16 Husbandry
42:27 Bloodlines
41:38 Cavalier
43:04 Ring Archer Armor
42:35 Scale Mail Armor
42:38 Heavy Camel Rider
43:22 Savar
46:39 Coinage
46:19 Guilds
47:01 Elite War Elephant
49:24 Guard Tower
49:47 Fervor
50:39 Blast Furnace
50:15 Plate Barding Armor
49:56 Chain Mail Armor
51:40 Light Cavalry
53:19 Hussar
67:06 Elite Skirmisher
68:53 Plate Mail Armor
71:44 Pikeman
72:25 Squires
72:46 Halberdier
73:12 Gambesons
73:13 Arson
76:41 Banking
96:26 Herbal Medicine
96:35 Devotion
zeburt
0:46 Loom
14:15 Feudal Age
14:54 Double-Bit Axe
19:54 Castle Age
17:51 Stone Mining
19:13 Gold Mining
20:47 Wheelbarrow
25:09 Fletching
30:39 Imperial Age
29:06 Fortified Wall
29:18 Ballistics
29:53 Bow Saw
30:04 Fishing Lines
30:55 Padded Archer Armor
31:42 Horse Collar
32:05 Gillnets
33:15 Town Watch
36:32 Artillery
38:32 Hand Cart
38:35 Leather Archer Armor
38:15 Bodkin Arrow
38:45 Conscription
41:15 Hoardings
40:51 Caravan
41:30 Ring Archer Armor
41:51 Treadmill Crane
43:35 Two-Man Saw
43:01 Heavy Plow
43:51 Husbandry
44:02 Bloodlines
44:21 Scale Barding Armor
44:27 Forging
45:54 Gold Shaft Mining
45:17 Elite Janissary
49:14 Chain Barding Armor
50:06 Heavy Camel Rider
54:58 Masonry
61:45 Plate Barding Armor
61:46 Iron Casting
61:12 Bracer
61:58 Architecture
62:58 Bracer
63:36 Iron Casting
72:36 Blast Furnace
78:30 Town Patrol
78:30 Murder Holes
93:42 Cavalier
Elizabeth^^
1:09 Loom
16:07 Feudal Age
24:57 Castle Age
23:11 Forging
23:07 Scale Barding Armor
24:24 Double-Bit Axe
25:00 Scale Barding Armor
28:42 Town Watch
29:39 Bow Saw
30:10 Wheelbarrow
32:10 Hand Cart
31:56 Town Patrol
34:49 Husbandry
35:13 Gold Mining
35:14 Stone Mining
36:30 Scale Mail Armor
37:07 Fervor
37:40 Sanctity
36:54 Light Cavalry
38:23 Pikeman
39:03 Squires
38:49 Arson
41:45 Fervor
42:46 Iron Casting
42:26 Chain Mail Armor
42:47 Iron Casting
42:27 Chain Mail Armor
42:32 Chain Barding Armor
45:15 Heresy
44:56 Devotion
45:11 Devotion
48:51 Imperial Age
48:07 Gold Shaft Mining
47:23 Stone Mining
48:08 Gold Shaft Mining
47:23 Stone Mining
49:56 Conscription
49:15 Halberdier
50:15 Masonry
50:01 Murder Holes
51:06 Chemistry
50:27 Ballistics
50:21 Chivalry
53:07 Architecture
52:23 Arrowslits
52:07 Cavalier
54:47 Blast Furnace
54:17 Plate Mail Armor
54:47 Blast Furnace
54:17 Plate Mail Armor
54:22 Plate Barding Armor
67:39 Fletching
67:49 Padded Archer Armor
67:39 Fletching
67:49 Padded Archer Armor
69:06 Fortified Wall
68:47 Guard Tower
70:12 Caravan
70:42 Coinage
71:51 Bodkin Arrow
72:11 Leather Archer Armor
81:02 Banking
80:34 Elite Throwing Axeman
89:05 Paladin
妈了个巴子
0:53 Loom
13:16 Feudal Age
17:08 Castle Age
16:55 Double-Bit Axe
17:05 Horse Collar
18:59 Bow Saw
19:25 Wheelbarrow
23:40 Heavy Plow
29:07 Imperial Age
27:50 Hand Cart
27:22 Fishing Lines
28:39 Gillnets
29:55 Gold Mining
29:56 Stone Mining
31:25 Conscription
31:43 Thunderclap Bombs
31:29 Fletching
31:40 Padded Archer Armor
32:11 Squires
31:57 Arson
31:33 Pikeman
33:29 Bodkin Arrow
33:50 Leather Archer Armor
33:38 Scale Mail Armor
33:49 Forging
34:47 Bracer
35:08 Chain Mail Armor
34:33 Halberdier
34:47 Elite Skirmisher
35:40 Elite Iron Pagoda
36:30 Scale Barding Armor
37:00 Iron Casting
37:00 Ring Archer Armor
37:46 Crop Rotation
37:59 Gold Shaft Mining
37:59 Stone Shaft Mining
37:50 Bloodlines
37:41 Husbandry
38:47 Ballistics
39:28 Chemistry
38:33 Siege Engineers
39:30 Blast Furnace
42:07 Two-Man Saw
41:31 Chain Barding Armor
45:56 Plate Barding Armor
45:34 Masonry
45:19 Murder Holes
50:28 Sanctity
50:59 Caravan
50:48 Light Cavalry
52:14 Hussar
80:54 Sanctity
86:05 Heavy Rocket Cart
帅死八个人
0:46 Loom
11:15 Feudal Age
15:38 Castle Age
14:31 Scale Mail Armor
13:56 Man-at-Arms
14:57 Double-Bit Axe
17:42 Long Swordsman
25:20 Squires
27:49 Bow Saw
28:09 Horse Collar
30:03 Gold Mining
33:29 Wheelbarrow
33:31 Heavy Plow
36:26 Imperial Age
36:08 Fletching
38:01 Onager
39:47 Chemistry
40:39 Legionary
45:08 Hand Cart
45:59 Crop Rotation
50:19 Capped Ram
52:05 Siege Ram
52:17 Pikeman
72:05 Heavy Scorpion
73:38 Ballistas
73:58 Conscription
73:44 Ballistas
75:56 Siege Engineers
84:14 Chain Mail Armor
84:06 Scale Barding Armor
84:12 Forging
83:58 Bodkin Arrow
85:10 Husbandry
84:33 Light Cavalry
86:12 Cavalier
87:47 Bloodlines
93:20 Caravan
94:09 Padded Archer Armor
94:57 Elite Skirmisher
Connection lost

Rejoining the realm…

Still unreachable

The connection could not be restored.

Session expired

The server has moved on; the page needs a fresh start.